 Dungeon Crawl Stone Soup version 0.19.5 (webtiles) character file.

88 slaughtererex the Covered (level 4, -2/42 HPs)
             Began as a Deep Dwarf Fighter on Mar 29, 2017.
             Was an Initiate of Zin.
             Splashed by an oklob plant's acid (10 damage)
             ... on level 2 of the Dungeon.
             The game lasted 00:07:58 (1754 turns).

slaughtererex the Covered (Deep Dwarf Fighter)      Turns: 1754, Time: 00:07:58

Health: -2/42      AC:  7    Str: 20 (21) XL:     4   Next: 29%
Magic:  4/4        EV:  8    Int:  7 (8)  God:    Zin [......]
Gold:   63         SH:  9    Dex: 12      Spells: 0 memorised, 3 levels left

rFire  . . .     SeeInvis .     a - +0 long sword
rCold  . . .     Gourm    .     b - +0 scale mail
rNeg   . . .     Faith    .     c - +0 shield
rPois  .         Spirit   .     (no helmet)
rElec  .         Reflect  .     (no cloak)
rCorr  .         Harm     .     (no gloves)
MR     .....                    (no boots)
Stlth  ..........               (no amulet)
                                (no ring)
                                (no ring)

@: non-regenerating
A: damage resistance, recharge devices, sense surroundings 1, slow regeneration
3
a: Device Recharging, Donate Gold, Renounce Religion


You were on level 2 of the Dungeon.
You worshipped Zin.
Zin was noncommittal.
You were not hungry.

You visited 1 branch of the dungeon, and saw 2 of its levels.

You collected 70 gold pieces.
You donated 7 gold pieces to Zin.

Inventory:

Hand Weapons
 a - a +0 long sword (weapon)
Armour
 b - a +0 scale mail (worn)
 c - a +0 shield (worn)
Jewellery
 m - a cursed -3 ring of strength {unknown}
Wands
 e - a wand of heal wounds (3/9)
Scrolls
 g - 2 scrolls of fear {unknown}
 i - a scroll of remove curse
 l - a scroll of blinking {unknown}
Potions
 d - 2 potions of might
 k - a potion of invisibility {unknown}
Comestibles
 f - 2 bread rations
 h - 6 fruits
 j - a meat ration


   Skills:
 + Level 3.1 Fighting
 + Level 2.7 Long Blades
 + Level 4.0 Armour
 + Level 1.3 Dodging
 + Level 3.9 Shields


You had 3 spell levels left.
You didn't know any spells.

Dungeon Overview and Level Annotations

Branches:
Dungeon (2/15)

Altars:
Fedhas
Uskayaw
Zin

Annotations:
D:2 exclusion: oklob plant


Innate Abilities, Weirdness & Mutations

You are resistant to damage.
You can recharge devices by infusing magical energy.
You passively map a small area around you.
You do not regenerate.


Message History

You slash the plant!
The plant is almost destroyed.
You hit the plant but do no damage.
The plant is almost destroyed.
You hit the plant.
The plant is almost destroyed.
You hit the plant but do no damage.
The plant is almost destroyed.
You hit the plant.
You destroy the plant!
The oklob plant spits acid at you. The splash of acid hits you!
You are splashed with acid!
The acid burns!
You see here 2 fruits.
You see here 2 fruits.
h - 6 fruits (gained 2)
The oklob plant spits acid at you. The splash of acid hits you!
* * * LOW HITPOINT WARNING * * *
You are splashed with acid!
The acid burns!
You die...

PPP♣.≈≈≈≈._.≈≈≈≈.P♣PP#........#.#
PPPP.≈≈≈≈...≈≈≈≈.PPPP##.#.....#.#
P.PP.≈≈≈≈≈.≈≈≈≈≈.#.#P##.#.....#.#
PPP#..≈≈≈≈.≈≈≈≈..PPPP##.#.....#.#
#P#PP..≈≈≈.≈≈≈..P.#P##..#.....'.#
PP#PPP..≈≈.≈≈..#.PPP♣####.....###
P ♣.PP........#P.P##P#...........
PPP#♣PPP♣.PPP#PP.P.%P#.##......(†
PPPPPPP.♣PPPPPP%@.%#P#...........
PP♣#.PPP♣PP.PPPP.%PPP#.#.#'###...
.PPP♣P♣P#PPPPPP♣#♣PPP#.'.#.# #...
######################.###.###...
#..................# #...#...
######.............# ###.#...
#)............# #.####
#.............# #.....
#.............# ######


You could see an oklob plant.

Vanquished Creatures
  Natasha (D:2)
  2 adders (D:2)
  2 oozes (D:1)
  2 giant cockroaches (D:1)
  6 goblins
  4 hobgoblins
  2 jackals (D:2)
  4 kobolds (D:1)
  A quokka (D:2)
  2 ball pythons
  7 bats
  4 rats
  A fungus (D:2)
  A plant (D:2)
39 creatures vanquished.

Vanquished Creatures (others)
  10 toadstools (D:2)
10 creatures vanquished.

Grand Total: 49 creatures vanquished

Notes
Turn   | Place    | Note
-------+----------+-------------------------------------------
     0 | D:1      | slaughtererex the Deep Dwarf Fighter began the quest for the Orb.
     0 | D:1      | Reached XP level 1. HP: 20/20 MP: 1/1
   136 | D:1      | Reached XP level 2. HP: 25/27 MP: 2/2
   844 | D:1      | Reached XP level 3. HP: 25/34 MP: 3/3
  1211 | D:2      | Reached skill level 1 in Dodging
  1523 | D:2      | Found a hide-covered altar of Uskayaw.
  1545 | D:2      | Found a glowing silver altar of Zin.
  1564 | D:2      | Became a worshipper of Zin the Law-Giver
  1622 | D:2      | Noticed Natasha
  1628 | D:2      | Killed Natasha
  1628 | D:2      | Reached skill level 4 in Armour
  1628 | D:2      | Reached XP level 4. HP: 42/42 MP: 4/4
  1669 | D:2      | Found a blossoming altar of Fedhas.
  1701 | D:2      | Noticed an oklob plant
  1754 | D:2      | Splashed by an oklob plant's acid

Skill      XL: |  1  2  3 |
---------------+----------+-----
Fighting       | 3 |  3.1
Dodging        | 1 |  1.3
Armour         | 4 |  4.0
Long Blades    | |  2.7
Shields        | |  3.9

Action                   |  1- 3 |  4- 6 || total
-------------------------+-------+-------++-------
Melee: Long sword        |    98 |    49 ||   147
Evoke: Wand              |     2 |       ||     2
  Use: Potion            |     2 |       ||     2
       Scroll            |     1 |       ||     1
  Eat: Bread ration      |     1 |       ||     1
Armor: Scale mail        |    58 |     2 ||    60
Dodge: Dodged            |    43 |     1 ||    44
Block: Shield            |    64 |     2 ||    66
       Rpst.: Long sword |    18 |       ||    18
